 Dungeon Crawl Stone Soup version 0.31-a0-188-g5e087ee2ca (webtiles) character file.

Game seed: 16300411653675407043

117 qw the Skirmisher (level 4, 0/25 HPs)
             Began as a Deep Elf Hunter on June 23, 2023.
             Slain by an ogre
             ... wielding a +0 giant club
              (25 damage)
             ... on level 4 of the Dungeon.
             The game lasted 00:00:53 (2461 turns).

qw the Skirmisher (Deep Elf Hunter)                 Turns: 2461, Time: 00:00:54

Health: 0/25       AC: 14    Str: 10    XL:     4   Next: 71%
Magic:  6/6        EV: 11    Int: 14    God:
Gold:   162        SH:  0    Dex: 18    Spells: 3/3 levels left

rFire   . . .        Y - +2 shortbow
rCold   . . .        (shield currently unavailable)
rNeg    + . .        e - +2 ring mail {rN+}
rPois   .            c - +2 hat
rElec   .            (no cloak)
rCorr   .            (no gloves)
SInv    .            h - +0 pair of boots
Will    .....        (no amulet)
Stlth   +            d - +4 ring of protection
HPRegen 0.24/turn    (no ring)
MPRegen 0.10/turn

%: no passive effects
@: no status effects
A: no striking features
a: no special abilities


You were on level 4 of the Dungeon.
You visited 1 branch of the dungeon, and saw 4 of its levels.

You collected 162 gold pieces.


   Skills:
 - Level 1.5 Fighting
 + Level 8.1 Ranged Weapons
 - Level 2.4 Dodging
 - Level 1.2 Stealth


You had 3 spell levels left.
You didn't know any spells.
Your spell library was empty.

Inventory:

Hand Weapons
 Y - a +2 shortbow (weapon)
Armour
 c - a +2 hat (worn)
 e - a +2 ring mail of positive energy (worn)
 f - a +0 leather armour of poison resistance
 h - a +0 pair of boots (worn)
Jewellery
 d - a +4 ring of protection (left hand)
Potions
 a - a potion of might
 b - a potion of mutation {unknown}
 g - a potion of curing

Dungeon Overview and Level Annotations

Branches:
Dungeon (4/15)
 Temple: D:4-7

Altars:
Nemelex Xobeh

Shops:
D:2 =   D:3 [


Message History

You shoot an arrow. The arrow hits the orc!
You kill the orc!
An orc comes into view.
It is wielding a +2 flail of protection.
You shoot an arrow. The arrow closely misses the orc.
The orc shouts!
You shoot an arrow. The arrow hits the orc.
The orc is heavily wounded.
The orc misses you.
You shoot an arrow. The arrow hits the orc!
You kill the orc!
You shoot an arrow. The arrow hits the orc!
The orc is almost dead.
You shoot an arrow. The arrow closely misses the orc.
The orc barely misses you.
You shoot an arrow. The arrow hits the orc.
You kill the orc!
Things that are here:
a +2 flail of protection; a +0 leather armour You see here a +0 short sword.
Things that are here:
a +0 flail of draining; an orc corpse
Found a book of Iron.
An ogre comes into view. It is wielding a +0 giant club.
You shoot an arrow. The ogre shouts!
The arrow hits the ogre!
The ogre is moderately wounded.
You shoot an arrow. The arrow hits the ogre!
The ogre is heavily wounded.
An adder comes into view.
You shoot an arrow. The arrow hits the ogre.
The ogre is heavily wounded.
You shoot an arrow. The arrow hits the ogre!
The ogre is almost dead.
The ogre barely misses you.
You shoot an arrow. The arrow closely misses the ogre.
The arrow hits the adder.
The adder is lightly wounded.
The ogre hits you with a +0 giant club!!
Ouch! That really hurt!
You die...

###############
#.)..)).......#
#.#####)#####.#
####.##.#####.#####.#
....S.O@:........##)#
####.##.#####.##.##.#
# #.#####<##.##.#
#..)..........#
##########.#### #.#
#.# #.# ..#


You could see an ogre and an adder.

Vanquished Creatures
  Jessica (D:3)
  A worm (D:3)
  4 dart slugs
  10 orcs
  6 ball pythons
  5 bats
  3 endoplasms
  4 giant cockroaches
  9 goblins
  5 hobgoblins
  3 jackals (D:2)
  A quokka (D:3)
  3 frilled lizards
  4 kobolds
  6 rats
65 creatures vanquished.

Notes
Turn   | Place    | Note
-------+----------+-------------------------------------------
     0 | D:1      | qw the Deep Elf Hunter began the quest for the Orb.
     0 | D:1      | Reached XP level 1. HP: 12/12 MP: 3/3
     0 | D:1      | 0 ||| qw: Version: 0.3-a-9-g12657ce
     0 | D:1      | 0 ||| qw: Game counter: 3372
     0 | D:1      | 0 ||| qw: Always use a shield: true
     0 | D:1      | 0 ||| qw: God list: Okawaru
     0 | D:1      | 0 ||| qw: Allow faded altars: false
     0 | D:1      | 0 ||| qw: Do Orc after D:15 true
     0 | D:1      | 0 ||| qw: Do second Lair branch before Depths: true
     0 | D:1      | 0 ||| qw: Lair rune preference: random
     0 | D:1      | 0 ||| qw: Plans: Normal
     0 | D:1      | 0 ||| PLANNING D:1-11
   114 | D:1      | Reached XP level 2. HP: 16/16 MP: 4/4
   128 | D:1      | Reached skill level 6 in Ranged Weapons
   211 | D:1      | 211 ||| FLEEEEING.
   212 | D:1      | 212 ||| FLEEEEING.
   844 | D:1      | Reached XP level 3. HP: 20/20 MP: 5/5
   850 | D:1      | 850 ||| UPGRADING to +0 scale mail.
   860 | D:1      | 860 ||| DROPPING +0 leather armour.
   861 | D:1      | 861 ||| UPGRADING to +0 pair of boots.
   866 | D:1      | 866 ||| READING scroll labelled YGYLEI RULO.
   867 | D:1      | 867 ||| READING scroll labelled IHUEME VEUSAD.
   868 | D:1      | 868 ||| DRINKING 2 black potions.
   869 | D:1      | 869 ||| DROPPING scroll of butterflies.
   986 | D:2      | 986 ||| READING scroll of enchant weapon.
   986 | D:2      | 986 ||| ENCHANTING +1 shortbow.
  1200 | D:2      | Found Darche Ishrak's Jewellery Shop.
  1208 | D:2      | 1208 ||| SHOPLISTING +4 ring of protection (504 gold, have
                  | 128).
  1208 | D:2      | 1208 ||| SHOPLISTING +6 ring of dexterity (504 gold, have
                  | 128).
  1208 | D:2      | 1208 ||| SHOPLISTING amulet of reflection (420 gold, have
                  | 128).
  1208 | D:2      | 1208 ||| SHOPLISTING amulet of regeneration (420 gold, have
                  | 128).
  1208 | D:2      | 1208 ||| SHOPLISTING ring of fire (350 gold, have 128).
  1208 | D:2      | 1208 ||| SHOPLISTING ring of ice (350 gold, have 128).
  1208 | D:2      | 1208 ||| SHOPLISTING ring of poison resistance (280 gold,
                  | have 128).
  1306 | D:2      | Reached skill level 7 in Ranged Weapons
  1518 | D:2      | 1518 ||| UPGRADING to +2 ring mail of positive energy.
  1528 | D:2      | 1528 ||| DROPPING +0 scale mail.
  1529 | D:2      | 1529 ||| READING scroll labelled ZEOXYTALLO.
  1530 | D:2      | 1530 ||| READING scroll labelled UTHREA DIFORUM.
  1531 | D:2      | 1531 ||| READING scroll labelled QATUKHL RUWA JACK.
  1532 | D:2      | 1532 ||| DRINKING 2 dark potions.
  1906 | D:3      | Noticed Jessica
  1910 | D:3      | Killed Jessica
  1911 | D:3      | Reached XP level 4. HP: 23/25 MP: 6/6
  2072 | D:3      | Found a sparkling altar of Nemelex Xobeh.
  2292 | D:3      | Reached skill level 8 in Ranged Weapons
  2344 | D:3      | Found Mezeffey's Armour Emporium.
  2348 | D:3      | 2348 ||| SHOPLISTING +3 ring mail of poison resistance (322
                  | gold, have 162).
  2392 | D:3      | 2392 ||| UPGRADING to +2 hat.
  2397 | D:3      | 2397 ||| UPGRADING to +4 ring of protection.
  2455 | D:4      | Noticed an ogre
  2461 | D:4      | Slain by an ogre

Levels and vault maps discovered:
D:1:      dpeg_arrival_orchard, layout_loops_corners, minmay_close_crescents
D:2:      layout_basic, serial_shops, shop, guppyfry_early_lair_pool
D:3:      corexii_shack_village, layout_loops_corners,
          nemelex_dance_club_becter, serial_shops, shop, uniq_jessica
D:4:      layout_loops_cross, uniq_ijyb

Skill      XL: |  1  2  3  4 |
---------------+-------------+-----
Ranged Weapons | 6 7 8 |  8.1
Fighting       | |  1.5
Dodging        | |  2.4
Stealth        | |  1.2

Action                     |  1- 3 |  4- 6 || total
---------------------------+-------+-------++-------
   Fire: Shortbow          |   153 |    36 ||   189
    Use: Scroll            |     6 |       ||     6
         Potion            |     2 |       ||     2
 Armour: Leather armour    |     1 |       ||     1
         Scale mail        |    26 |       ||    26
         Ring mail         |     6 |       ||     6
  Dodge: Dodged            |    49 |     4 ||    53

Table legend:
 A = Non-vault XP
 B = Vault XP
 C = Vault XP percentage of total XP
 D = Non-vault monster count
 E = Vault monster count
 F = Vault count percentage of total count
                 A         B        C        D         E       F
            +---------+---------+-------+---------+---------+-------
      Total |      98 |      70 |  41.7 |      51 |      14 |  21.5
            +---------+---------+-------+---------+---------+-------
        D:1 |      33 |       9 |  21.4 |      20 |       3 |  13.0
        D:2 |      27 |       0 |   0.0 |      16 |       0 |   0.0
        D:3 |      20 |      61 |  75.3 |       9 |      11 |  55.0
        D:4 |      18 |       0 |   0.0 |       6 |       0 |   0.0
            +---------+---------+-------+---------+---------+-------
